 Dungeon Crawl Stone Soup version 0.27-a0-1081-ge8a0a9c698 (webtiles) character file.

Game seed: 16386335227907472429

42 dolemite99 the Cutter (level 3, -3/29 HPs)
             Began as a Demonspawn Fighter on Apr 26, 2021.
             Slain by Sigmund
             ... wielding a +0 scythe
              (6 damage)
             ... on level 2 of the Dungeon.
             The game lasted 00:01:10 (1468 turns).

dolemite99 the Cutter (Demonspawn Fighter)          Turns: 1468, Time: 00:01:11

Health: -3/29      AC:  6    Str: 17    XL:     3   Next: 35%
Magic:  3/3        EV:  9    Int:  9    God:
Gold:   19         SH:  0    Dex: 12    Spells: 2/2 levels left

rFire    . . .     SeeInvis .   a - +0 rapier
rCold    . . .     Faith    .   (no shield)
rNeg     . . .     Spirit   .   b - +0 scale mail
rPois    .         Reflect  .   (no helmet)
rElec    .         Harm     .   (no cloak)
rCorr    .         Rampage  .   (no gloves)
Will     .....                  (no boots)
Stlth    ..........             (no amulet)
HPRegen  0.09/turn              (no ring)
MPRegen  0.08/turn              (no ring)

@: mighty
A: claws 1, spiny 1
a: no special abilities


You were on level 2 of the Dungeon.
You visited 1 branch of the dungeon, and saw 2 of its levels.

You collected 19 gold pieces.

Inventory:

Hand Weapons
 a - a +0 rapier (weapon)
Armour
 b - a +0 scale mail (worn)
 c - a +0 kite shield
Scrolls
 e - 2 scrolls of identify {unknown}
 h - a scroll of teleportation {unknown}
 k - 2 scrolls of enchant armour {unknown}
Potions
 f - a potion of lignification {unknown}
 g - a potion of haste {unknown}
 i - a potion of degeneration {unknown}


   Skills:
 - Level 3.0 Fighting
 + Level 3.5 Short Blades
 - Level 2.6 Armour
 - Level 2.6 Shields


You had 2 spell levels left.
You didn't know any spells.
Your spell library was empty.

Dungeon Overview and Level Annotations

Branches:
Dungeon (2/15)

Altars:

Annotations:
D:2 Sigmund


Innate Abilities, Weirdness & Mutations

You have sharp fingernails.
You are partially covered in sharp spines.


Message History

You are too injured to fight recklessly!
You are too injured to fight recklessly!
You are too injured to fight recklessly!
You are too injured to fight recklessly!
You are too injured to fight recklessly!
You are too injured to fight recklessly!
You are too injured to fight recklessly!
You are too injured to fight recklessly!
Okay, then.
You feel very mighty all of a sudden.
The jackal bites you but does no damage.
Something hits you!
* * * LOW HITPOINT WARNING * * *
The jackal is struck by your spines.
The jackal bites you but does no damage.
The jackal bites you.
* * * LOW HITPOINT WARNING * * *
The jackal bites you but does no damage.
Found 2 bubbling amethyst potions.
The jackal bites you but does no damage.
The jackal is struck by your spines. The jackal closely misses you.
The jackal bites you but does no damage.
The jackal is struck by your spines.
You kill the jackal!
You hear some strange, mumbled words.
You are confused.
The jackal is struck by your spines.
The jackal bites you but does no damage.
You feel less confused.
The jackal bites you but does no damage.
The jackal closely misses you. The jackal is struck by your spines.
The jackal closely misses you. The jackal is struck by your spines.
The jackal closely misses you.
There is a stone staircase leading up here.
The jackal bites you.
* * * LOW HITPOINT WARNING * * *
The jackal bites you.
* * * LOW HITPOINT WARNING * * *
Something hits you.
You die...

#....##.#
#........#
#.##.##.#
########.####
#.##.##.#######
#..)...#
#....†..#.....#
#.#.##.#
####.####.....#
#.#.##.#
#.####.....#
#...##.#
#.).##.....#
#..###.#
###.##.....#
#......#
#.####@###
##....## #.# #h##
####.# #.#
#..##### #.#
#.####...<..####.#
#.##..###........#
#.#..## ##).######
#....# #.##
###..## ##..##
#...###....#


You could see a jackal.

Vanquished Creatures
  An adder (D:2)
  A worm (D:2)
  A dart slug (D:2)
  An endoplasm (D:1)
  2 goblins (D:2)
  4 hobgoblins (D:1)
  2 jackals (D:2)
  5 kobolds
  A quokka (D:1)
  5 ball pythons
  3 bats
  A frilled lizard (D:2)
  3 rats (D:1)
30 creatures vanquished.

Vanquished Creatures (others)
  A plant (D:1)
1 creature vanquished.

Grand Total: 31 creatures vanquished

Notes
Turn   | Place    | Note
-------+----------+-------------------------------------------
     0 | D:1      | dolemite99 the Demonspawn Fighter began the quest for the
                  | Orb.
     0 | D:1      | Reached XP level 1. HP: 18/18 MP: 1/1
   417 | D:1      | Gained mutation: You are partially covered in sharp spines.
                  | [demonic ancestry]
   417 | D:1      | Reached XP level 2. HP: 22/24 MP: 2/2
  1289 | D:2      | Gained mutation: You have sharp fingernails. [demonic
                  | ancestry]
  1289 | D:2      | Reached XP level 3. HP: 27/29 MP: 3/3
  1433 | D:2      | Noticed Sigmund
  1468 | D:2      | Slain by Sigmund

Illustrated notes

Levels and vault maps discovered:
D:1:      psy_arrival_radial01, layout_basic, serial_forest,
          infiniplex_forest_straight_2, infiniplex_forest_clump_tiny,
          infiniplex_forest_end_1, infiniplex_forest_clump_double,
          infiniplex_forest_diagonal, infiniplex_forest_clump_small,
          infiniplex_forest_fountain
D:2:      layout_loops_cross, uniq_sigmund, uniq_natasha

Skill      XL: |  1  2 |
---------------+-------+-----
Short Blades   | 2 3 |  3.5
Fighting       | |  3.0
Armour         | |  2.6
Shields        | |  2.6

Action                   || total
-------------------------++-------
Melee: Rapier            ||    57
Throw: Dart              ||    25
  Use: Potion            ||     1
Armor: Scale mail        ||    26
Dodge: Dodged            ||    22

Table legend: (Time is in decaauts)
 A = Elapsed time spent in this place.
 B = Non-inter-level travel time spent in this place.
 C = Inter-level travel time spent in this place.
 D = Time resting spent in this place.
 E = Time spent auto-exploring this place.
 F = Levels seen in this place.
 G = Mean time per level.
                   A        B        C        D        E       F      G
               +--------+--------+--------+--------+--------+-----+--------+
         Total |   1471 |   1444 |     27 |      0 |   1234 |   2 |  735.5 |
       Dungeon |   1471 |   1444 |     27 |      0 |   1234 |   2 |  735.5 |
               +--------+--------+--------+--------+--------+-----+--------+

Top non-repeatable levels by time:
     D:1: 1243 daAuts
     D:2: 228 daAuts
